 Dungeon Crawl Stone Soup version 0.27-a0-13-g87abb2d9eb (webtiles) character file.

Game seed: 2799260062307494342

1602 jestyr24 the Conjurer (level 8, -3/61 HPs)
             Began as a Demonspawn Conjurer on Jan 2, 2021.
             Was an Initiate of Vehumet.
             Slain by an orc warrior
             ... wielding a +0 trident
              (13 damage)
             ... on level 6 of the Dungeon.
             The game lasted 00:49:12 (8998 turns).

jestyr24 the Conjurer (Demonspawn Conjurer)         Turns: 8998, Time: 00:49:13

Health: -3/61      AC:  6    Str:  8    XL:     8   Next: 62%
Magic:  0/15       EV: 11    Int: 24    God:    Vehumet [......]
Gold:   335        SH:  0    Dex: 11    Spells: 6/16 levels left

rFire    . . .     SeeInvis .   c - +2 whip (pain)
rCold    . . .     Faith    .   (no shield)
rNeg     . . .     Spirit   +   A - +3 leather armour "Qabudef" {Stlth+}
rPois    .         Reflect  .   (no helmet)
rElec    .         Harm     .   (no cloak)
rCorr    +         Rampage  .   (no gloves)
Will     .....                  (no boots)
Stlth    ++........             (no amulet)
HPRegen  0.20/turn              p - ring of resist corrosion
MPRegen  0.14/turn              (no ring)

@: no status effects
A: hooves 1, demonic guardian 1, magic shield, big brain 1
a: Renounce Religion


You were on level 6 of the Dungeon.
You worshipped Vehumet.
Vehumet was noncommittal.
You visited 2 branches of the dungeon, and saw 7 of its levels.

You collected 335 gold pieces.

Inventory:

Hand Weapons
 c - a +2 whip of pain (weapon)
 g - a +1 flail of draining
 o - a +0 mace
 r - a +0 morningstar
 t - a +0 flail
 x - a +0 dire flail
 y - a cursed -3 rapier
Missiles
 f - 5 curare-tipped darts
 i - 59 poisoned darts
Armour
 a - a +1 robe
 d - a +0 ring mail of fire resistance
 q - a +3 ring mail
 A - the +3 leather armour "Qabudef" (worn) {Stlth+}
   (You found it on level 5 of the Dungeon)

   It makes you more stealthy.
Jewellery
 p - a ring of resist corrosion (left hand)
Wands
 u - a wand of digging (16)
 D - a wand of flame (1)
Scrolls
 b - 4 scrolls of identify
 e - 2 scrolls of enchant weapon {unknown}
 h - 5 scrolls of remove curse
 k - a scroll of enchant armour
 B - 2 scrolls of teleportation
Potions
 j - a potion of curing
 l - a potion of brilliance
 m - a potion of invisibility
 n - a potion of heal wounds
 v - a potion of cancellation {unknown}
 w - 2 potions of mutation {unknown}


   Skills:
 + Level 4.8 Fighting
 + Level 5.3 Armour
 - Level 1.7 Dodging
 - Level 1.7 Stealth
 + Level 4.7 Spellcasting
 + Level 6.7 Conjurations
 * Level 2.0 Hexes


You had 6 spell levels left.
You knew the following spells:

 Your Spells              Type           Power        Failure   Level
a - Magic Dart            Conj           100%         1%          1
b - Searing Ray           Conj           76%          1%          2
c - Fulminant Prism       Conj/Hex       13%          21%         4
d - Inner Flame           Hex/Fire       10%          24%         3

Your spell library contained the following spells:

 Spells                   Type           Power        Failure   Level
 Foxfire                  Conj/Fire      84%          3%          1
 Dazzling Flash           Conj/Hex       52%          6%          3
 Conjure Flame            Conj/Fire      21%          10%         3
 Iskenderun's Mystic Bla  Conj/Tloc      21%          30%         4
 Sticky Flame             Conj/Fire      21%          30%         4
 Fireball                 Conj/Fire      10%          65%         5


Dungeon Overview and Level Annotations

Branches:
Dungeon (6/15)             Temple (1/1) D:5

Altars:
Cheibriados
Elyvilon
Fedhas
Gozag
Hepliaklqana
Makhleb
Okawaru
Qazlal
Ru
Uskayaw
Vehumet
Xom
Yredelemnul
Zin
The Shining One

Shops:
D:4 [=


Innate Abilities, Weirdness & Mutations

You have large cloven feet.
A weak demonic guardian rushes to your aid.
When hurt, damage is shared between your health and your magic reserves.
You have an unusually large brain. (Int +2)


Message History

Casting: Searing Ray (safe; 1% risk of failure)
Confirm with . or Enter, or press ? or * to list all spells.
Aiming: Searing Ray (safe; 1% risk of failure)
Press: ? - help, Shift-Dir - straight line Your demonic guardian avoids your attack.
The searing ray misses the orc warrior. (Press . to maintain the ray.)
Your white imp closely misses the orc warrior.
The orc priest calls upon Beogh to heal the orc warrior.
The orc warrior is healed somewhat.
The orc warrior hits you from afar with a +0 trident.
Your demonic guardian avoids your attack.
The searing ray hits the orc warrior but does no damage.
The orc warrior is moderately wounded.
Your white imp barely misses the orc warrior.
The orc priest invokes the aid of Beogh against you.
Beogh smites you!
* * * LOW HITPOINT WARNING * * *
The orc warrior hits you from afar with a +0 trident!
You die...

#.# #########.#
#.# #.# #.# #.#
..# #.# ### #.#
#.#
#####.####.##
###...........##
..o....##...@.#
#####.####
##..5##
#......))# #.#o.
#.###)##5#
##)### ##.##5# )
#e.##<# #o
#.###)# .o #o#
#o# .. #.# #{#


You could see an orc warrior, an orc priest, an orc and a friendly white imp
(summoned).

Vanquished Creatures
  Duvessa (D:6)
  3 orc warriors (D:6)
  An ice beast (D:6)
  A centaur (D:5)
  2 bullfrogs (D:6)
  Dowan (D:6)
  A scorpion (D:5)
  A howler monkey (D:6)
  A crimson imp (D:5)
  A jelly (D:5)
  2 orc priests (D:6)
  A centaur skeleton (D:4)
  4 orc wizards
  An iguana (D:4)
  4 worker ants
  A hound skeleton (D:5)
  4 gnolls (D:4)
  8 adders
  A howler monkey skeleton (D:4)
  An ooze (D:4)
  2 adder skeletons (D:4)
  4 worms
  11 dart slugs
  3 leopard geckos
  31 orcs
  8 bats
  6 giant cockroaches
  7 goblins
  7 hobgoblins
  5 quokkas
  6 frilled lizards
  10 kobolds
  A leopard gecko skeleton (D:5)
  A quokka skeleton (D:4)
  7 rats
149 creatures vanquished.

Vanquished Creatures (collateral kills)
  An ogre (D:5)
  3 orc wizards
  3 orcs (D:3)
7 creatures vanquished.

Grand Total: 156 creatures vanquished

Notes
Turn   | Place    | Note
-------+----------+-------------------------------------------
     0 | D:1      | jestyr24 the Demonspawn Conjurer began the quest for the
                  | Orb.
     0 | D:1      | Reached XP level 1. HP: 13/13 MP: 3/3
   635 | D:1      | Gained mutation: When hurt, damage is shared between your
                  | health and your magic reserves. [demonic ancestry]
   635 | D:1      | Reached XP level 2. HP: 20/20 MP: 1/5
   749 | D:1      | Reached skill level 1 in Fighting
  1442 | D:2      | Found a hide-covered altar of Uskayaw.
  1916 | D:2      | Found a sacrificial altar of Ru.
  1945 | D:2      | Gained mutation: You have an unusually large brain. (Int
                  | +2) [demonic ancestry]
  1945 | D:2      | Reached XP level 3. HP: 26/26 MP: 6/6
  1999 | D:2      | Learned a level 2 spell: Searing Ray
  2385 | D:2      | Reached skill level 5 in Conjurations
  2723 | D:3      | Gained mutation: A weak demonic guardian rushes to your
                  | aid. [demonic ancestry]
  2723 | D:3      | Reached XP level 4. HP: 25/33 MP: 3/7
  3731 | D:3      | Reached XP level 5. HP: 20/39 MP: 0/8
  4415 | D:3      | Found a stormy altar of Qazlal.
  4539 | D:4      | Found Lisi's Jewellery Emporium.
  5032 | D:4      | Reached XP level 6. HP: 45/47 MP: 5/10
  5635 | D:4      | Found Uweim's Antique Armour Shop.
  5642 | D:4      | Upgraded the game from 0.27-a0-3-gcf006a40f5 to
                  | 0.27-a0-13-g87abb2d9eb
  5856 | D:4      | Reached skill level 6 in Conjurations
  6101 | D:5      | Entered Level 5 of the Dungeon
  6109 | D:5      | Reached XP level 7. HP: 55/55 MP: 3/12
  6480 | D:5      | Found a staircase to the Ecumenical Temple.
  6490 | Temple   | Entered the Ecumenical Temple
  6496 | Temple   | Learned a level 4 spell: Fulminant Prism
  6500 | Temple   | Learned a level 3 spell: Inner Flame
  6908 | D:5      | Got a bloodstained leather armour
  6922 | D:5      | Identified the +3 leather armour "Qabudef" {Stlth+} (You
                  | found it on level 5 of the Dungeon)
  7129 | D:5      | Reached skill level 1 in Armour
  7391 | D:5      | Found a burning altar of Makhleb.
  7391 | D:5      | Found a radiant altar of Vehumet.
  7403 | D:5      | Became a worshipper of Vehumet
  7628 | D:6      | Noticed Dowan
  7638 | D:6      | Killed Dowan
  7640 | D:6      | Noticed Duvessa
  7675 | D:6      | Killed Duvessa
  7688 | D:6      | Gained mutation: You have large cloven feet. [demonic
                  | ancestry]
  7688 | D:6      | Reached XP level 8. HP: 13/61 MP: 4/14
  8492 | D:6      | Reached skill level 5 in Armour
  8492 | D:6      | Reached skill level 1 in Hexes
  8998 | D:6      | Slain by an orc warrior

Illustrated notes

Levels and vault maps discovered:
D:1:      dpeg_arrival_boxes_within_box, layout_loops_corners
D:2:      layout_basic, nicolae_ru_sacrificial_ziggurat,
          overflow_temple_1_default
D:3:      kennysheep_slugbush, layout_rooms, lemuel_round_altar
D:4:      layout_loops_corners, serial_shops, shop, shop
D:5:      layout_basic, grunt_temple_overflow_lords_of_destruction,
          minmay_temple_entry_offerings
D:6:      mumra_celtic_spiral_tile, layout_loops_corners,
          general_overflow_altar, kennysheep_small_spiral, uniq_duvessa
Temple:   zaba_magenta_temple

Skill      XL: |  1  2  3  4  5  6  7  8 |
---------------+-------------------------+-----
Fighting       | 1 2 3 4 |  4.8
Conjurations   | 5 6 |  6.7
Spellcasting   | 3 4 |  4.7
Armour         | 4 5 |  5.3
Hexes          | 2 |  2.0
Dodging        | |  1.7
Stealth        | |  1.7

Action                   |  1- 3 |  4- 6 |  7- 9 || total
-------------------------+-------+-------+-------++-------
Melee: Whip              |    85 |    28 |    37 ||   150
       Kick              |       |       |     1 ||     1
 Cast: Magic Dart        |    20 |    76 |     3 ||    99
       Searing Ray       |     6 |    28 |    38 ||    72
  Use: Potion            |     1 |       |     8 ||     9
       Scroll            |       |     7 |       ||     7
 Stab: Sleeping          |     3 |     1 |     1 ||     5
Armor: Robe              |    19 |     8 |     1 ||    28
       Leather armour    |       |       |    25 ||    25
Dodge: Dodged            |    66 |    28 |    29 ||   123

Table legend: (Time is in decaauts)
 A = Elapsed time spent in this place.
 B = Non-inter-level travel time spent in this place.
 C = Inter-level travel time spent in this place.
 D = Time resting spent in this place.
 E = Time spent auto-exploring this place.
 F = Levels seen in this place.
 G = Mean time per level.
                   A        B        C        D        E       F      G
               +--------+--------+--------+--------+--------+-----+--------+
         Total |   9011 |   8741 |    270 |   2848 |   4411 |   7 | 1287.3 |
       Dungeon |   8899 |   8629 |    270 |   2848 |   4359 |   6 | 1483.2 |
        Temple |    111 |    111 |      0 |      0 |     52 |   1 |  111.0 |
               +--------+--------+--------+--------+--------+-----+--------+

Top non-repeatable levels by time:
     D:2: 1720 daAuts
     D:5: 1705 daAuts
     D:1: 1628 daAuts
     D:4: 1563 daAuts
     D:3: 1213 daAuts
     D:6: 1069 daAuts
  Temple: 111 daAuts
